 Dungeon Crawl Stone Soup version 0.31-a0-841-g038b102fc3 (webtiles) character file.

Game seed: 7294597738428538062

193 CraigForest the Slasher (level 5, -1/41 HPs)
             Began as a Merfolk Gladiator on Sept 27, 2023.
             Slain by an ogre
             ... wielding a +0 giant club
              (21 damage)
             ... on level 3 of the Dungeon.
             The game lasted 00:08:23 (1878 turns).

CraigForest the Slasher (Merfolk Gladiator)         Turns: 1878, Time: 00:08:24

Health: -1/41      AC:  6    Str: 18    XL:     5   Next: 72%
Magic:  5/5        EV: 14    Int: 12    God:
Gold:   127        SH:  0    Dex: 23    Spells: 4/4 levels left

rFire   + . .        a - +0 long sword
rCold   . . .        (no shield)
rNeg    . . .        p - +0 ring mail of Weirdness {Str+3 Int+5}
rPois   .            c - +0 helmet
rElec   .            (no cloak)
rCorr   .            (no gloves)
SInv    .            (no boots)
Will    .....        (no amulet)
Stlth   ++           g - +6 ring of dexterity
HPRegen 0.26/turn    o - ring of protection from fire
MPRegen 0.09/turn

%: no passive effects
@: no status effects
A: (nimble swimmer 2), mertail
a: no special abilities


You were on level 3 of the Dungeon.
You visited 1 branch of the dungeon, and saw 4 of its levels.

You collected 127 gold pieces.

Inventory:

Hand Weapons
 a - a +0 long sword (weapon)
 i - a +0 quarterstaff
Missiles
 d - 3 throwing nets (quivered)
 e - a javelin
Armour
 b - a +0 leather armour
 c - a +0 helmet (worn)
 j - a +0 ring mail
 p - the +0 ring mail of Weirdness (worn) {Str+3 Int+5}
   (You found it on level 2 of the Dungeon)

   Str+3:     It affects your strength (+3).
   Int+5:     It affects your intelligence (+5).
Jewellery
 g - a +6 ring of dexterity (left hand)
 o - a ring of protection from fire (right hand)
Scrolls
 f - a scroll of teleportation {unknown}
 k - a scroll of fog {unknown}
 q - 2 scrolls of fear
Potions
 h - 2 potions of cancellation
 l - a potion of curing
 m - 2 potions of attraction
 n - a potion of haste {unknown}


   Skills:
 + Level 3.1 Fighting
 + Level 5.6 Long Blades
 - Level 2.0 Throwing
 + Level 1.1 Armour
 + Level 5.2 Dodging
 + Level 1.0 Stealth


You had 4 spell levels left.
You didn't know any spells.
Your spell library was empty.

Dungeon Overview and Level Annotations

Branches:
Dungeon (4/15)
 Temple: D:4-7

Altars:

Annotations:
D:4 Dowan, Duvessa


Innate Abilities, Weirdness & Mutations

((You are very nimble when in or above water. (Stealth+, EV+, Speed+++)))
Your lower body shifts to a powerful aquatic tail in water.


Message History

You kill the adder!
You feel sick.
You are no longer poisoned.
Your Stealth skill increases to level 1!
HP restored.
You now have 117 gold pieces (gained 10).
You see here a +0 leather armour.
You now have 127 gold pieces (gained 10).
You open the door.
Found a robe.
Found a stone staircase leading up.
You start waiting.
A hobgoblin is nearby!
The hobgoblin shouts!
You barely miss the hobgoblin.
The hobgoblin hits you but does no damage.
You hit the hobgoblin.
The hobgoblin is lightly wounded.
The hobgoblin completely misses you.
You barely miss the hobgoblin.
The hobgoblin is lightly wounded.
The hobgoblin barely misses you.
You barely miss the hobgoblin.
The hobgoblin is lightly wounded.
The hobgoblin hits you.
You hit the hobgoblin.
The hobgoblin is moderately wounded.
The hobgoblin barely misses you. The hobgoblin hits you.
You slash the hobgoblin!
You kill the hobgoblin!
You see here a hobgoblin corpse.
There is an open door here.
You barely miss the ogre. The ogre completely misses you.
You hit the ogre but do no damage. The ogre hits you with a +0 giant club!
You barely miss the ogre. You barely miss the ogre.
The ogre hits you with a +0 giant club!
There is an open door here.
The ogre attacks as it pursues you!
The ogre hits you with a +0 giant club!!
Ouch! That really hurt!
You die...

........# ######..# #..# #†.#
#..##############
#...........g..>#
.######...###########.# #
...........# #.# # #####.@..##
#.# # .......#O## #.# #
########.# #.# # .# #.# #O# # .#
##'## ####.# # .# #...# ##.##.#
######.#### #.....# ##...#.#
##........# #..[....# #......#
##.#.....<###.........####...###


You could see an ogre.

Vanquished Creatures
  An orc wizard (D:3)
  3 gnolls (D:3)
  7 adders
  A worm (D:2)
  A dart slug (D:1)
  7 orcs (D:3)
  7 endoplasms
  4 giant cockroaches
  5 goblins
  8 hobgoblins
  4 kobolds
  5 quokkas
  3 ball pythons
  5 bats
  A frilled lizard (D:1)
  4 rats
66 creatures vanquished.

Notes
Turn   | Place    | Note
-------+----------+-------------------------------------------
     0 | D:1      | CraigForest the Merfolk Gladiator began the quest for the
                  | Orb.
     0 | D:1      | Reached XP level 1. HP: 16/16 MP: 1/1
   115 | D:1      | Reached XP level 2. HP: 22/22 MP: 2/2
   442 | D:2      | Reached XP level 3. HP: 28/28 MP: 3/3
   511 | D:2      | You fall into a shaft and drop 2 floors!
   529 | D:4      | Noticed Duvessa
   530 | D:4      | Noticed Dowan
   639 | D:3      | Reached XP level 4. HP: 31/34 MP: 4/4
   772 | D:3      | Reached skill level 5 in Long Blades
   777 | D:3      | Reached skill level 5 in Dodging
   888 | D:3      | Reached XP level 5. HP: 37/40 MP: 5/5
   913 | D:3      | Noticed an ogre
  1229 | D:2      | Identified the +0 ring mail of Weirdness {Str+3 Int+5}
  1625 | D:3      | Reached skill level 1 in Armour
  1723 | D:3      | Reached skill level 1 in Stealth
  1878 | D:3      | Slain by an ogre

Illustrated notes

Levels and vault maps discovered:
D:1:      dpeg_arrival_tiny_f, layout_rooms, skrybe_limestone_x
D:2:      layout_basic
D:3:      layout_loops_corners, general_overflow_altar, nicolae_half_adder
D:4:      layout_loops_ring, nicolae_wu_jian_immortal_techniques, uniq_duvessa

Skill      XL: |  1  2  3  4  5 |
---------------+----------------+-----
Long Blades    | 4 5 |  5.6
Dodging        | 5 |  5.2
Fighting       | 3 |  3.1
Armour         | 1 |  1.1
Stealth        | 1 |  1.0
Throwing       | |  2.0

Action                     |  1- 3 |  4- 6 || total
---------------------------+-------+-------++-------
  Melee: Long sword        |    62 |    87 ||   149
         Punch             |       |     2 ||     2
    Use: Scroll            |     2 |     2 ||     4
   Stab: Sleeping          |     1 |     2 ||     3
 Armour: Leather armour    |    22 |    47 ||    69
         Ring mail         |       |    20 ||    20
  Dodge: Dodged            |    55 |   108 ||   163

Table legend: (Time is in decaauts)
 A = Elapsed time spent in this place.
 B = Non-inter-level travel time spent in this place.
 C = Inter-level travel time spent in this place.
 D = Time resting spent in this place.
 E = Time spent auto-exploring this place.
 F = Levels seen in this place.
 G = Mean time per level.
                   A        B        C        D        E       F      G
               +--------+--------+--------+--------+--------+-----+--------+
         Total |   1899 |   1869 |     30 |     63 |   1119 |   4 |  474.8 |
       Dungeon |   1899 |   1869 |     30 |     63 |   1119 |   4 |  474.8 |
               +--------+--------+--------+--------+--------+-----+--------+

Top non-repeatable levels by time:
     D:3: 742 daAuts
     D:2: 638 daAuts
     D:1: 445 daAuts
     D:4: 73 daAuts
